 Dungeon Crawl Stone Soup version 0.26-a0-1129-gc5df7fbe6a (webtiles) character file.

Game seed: 2570082485441440488

466 Delamore the Cudgeller (level 7, -5/44 HPs)
             Began as a Gargoyle Fighter on Dec 18, 2020.
             Slain by an ogre
             ... wielding a cursed -2 giant spiked club
              (8 damage)
             ... on level 3 of the Dungeon.
             The game lasted 00:03:09 (3222 turns).

Delamore the Cudgeller (Gargoyle Fighter)           Turns: 3222, Time: 00:03:10

Health: -5/44      AC: 11    Str: 22    XL:     7   Next: 8%
Magic:  7/7        EV:  7    Int:  8    God:
Gold:   119        SH: 10    Dex:  9    Spells: 6/6 levels left

rFire    . . .     SeeInvis .   a - +0 flail
rCold    . . .     Faith    .   c - +0 kite shield
rNeg     + . .     Spirit   .   b - +0 scale mail
rPois    ∞         Reflect  .   (no helmet)
rElec    +         Harm     .   (no cloak)
rCorr    .         Rampage  .   (no gloves)
Will     .....                  (no boots)
Stlth    ..........             (no amulet)
HPRegen  0.14/turn              (no ring)
MPRegen  0.10/turn              (no ring)

@: no status effects
A: negative energy resistance 1, electricity resistance, unbreathing,
petrification resistance, miasma immunity, AC +4
a: no special abilities


You were on level 3 of the Dungeon.
You visited 1 branch of the dungeon, and saw 4 of its levels.

You collected 119 gold pieces.

Inventory:

Hand Weapons
 a - a +0 flail (weapon)
Armour
 b - a +0 scale mail (worn)
 c - a +0 kite shield (worn)
 i - a +0 plate armour
Jewellery
 u - an uncursed ring of fire
Scrolls
 f - 2 scrolls of blinking {unknown}
 g - a scroll of identify {unknown}
 h - a scroll of noise {unknown}
 l - a scroll of random uselessness {unknown}
 n - a scroll of fog {unknown}
 o - a scroll of magic mapping {unknown}
 q - a scroll of teleportation {unknown}
 s - a scroll of fear {unknown}
 t - a scroll of remove curse {unknown}
Potions
 d - a potion of might
 e - 4 potions of curing {unknown}
 j - a potion of heal wounds {unknown}
 k - a potion of magic {unknown}
 m - 2 potions of attraction {unknown}
 p - a potion of berserk rage {unknown}
 r - a potion of cancellation {unknown}
 v - a potion of lignification {unknown}


   Skills:
 - Level 5.0 Fighting
 + Level 5.2 Maces & Flails
 - Level 3.8 Armour
 - Level 5.0 Shields


You had 6 spell levels left.
You didn't know any spells.
Your spell library was empty.

Dungeon Overview and Level Annotations

Branches:
Dungeon (4/15)
 Temple: D:4-7

Altars:
Ashenzari


Innate Abilities, Weirdness & Mutations

You are resistant to torment.
Your stone body is resilient. (AC +4)
You are immune to poison.
You resist negative energy. (rN+)
You are resistant to electric shocks. (rElec)
You can survive without breathing.
You are immune to petrification.
You are immune to miasma.


Message History

The ogre hits you with a cursed -2 giant spiked club.
* * * LOW HITPOINT WARNING * * *
A mysterious force pulls you upwards. The hatch slams shut behind you.
You enter the shallow water.
Moving in this stuff is going to be slow.
You hit the ogre.
The ogre is lightly wounded.
The ogre hits you with a cursed -2 giant spiked club.
* * * LOW HITPOINT WARNING * * *
You hit the ogre.
The ogre is moderately wounded.
The ogre barely misses you.
You sock the ogre!
The ogre is severely wounded.
The ogre hits you with a cursed -2 giant spiked club.
* * * LOW HITPOINT WARNING * * *
You sock the ogre!
The ogre is almost dead.
The ogre hits you with a cursed -2 giant spiked club!
You die...

........#...###≈≈≈≈###..#........
##########....≈≈≈≈≈≈.............
# #####....≈≈≈≈≈≈....#........ #
#......###≈≈≈≈###..######... #
#.###.#...#≈≈#...#.# ##.. ### #.#
#.#.⌠.#≈≈#.⌠.#.# #.. ..# #.#
#.#...#≈≈#...#.# #.. #.# ##.#
#..###O[.≈###..# #.. #.###..#
#......@.......# ####.# #..#..##
##..........#######..... ##...##
#..######...........##.# ##.##
###...# ######......##.#
##.####...#.#######..).###......
##...................#### #......
.......#####.######### #......
.#.....# #.# ##...# #......
##..##.## #.###..#.#######......


You could see an ogre.

Vanquished Creatures
  A phantom (D:3)
  An ogre (D:3)
  An orc priest (D:3)
  An iguana (D:4)
  Jessica (D:3)
  2 orc wizards
  Terence (D:3)
  5 adders
  An ooze (D:2)
  A worm (D:2)
  A dart slug (D:1)
  6 orcs (D:3)
  2 ball pythons (D:3)
  3 bats
  3 giant cockroaches (D:3)
  7 hobgoblins
  12 jackals
  3 quokkas
  A ball python skeleton (D:4)
  5 frilled lizards
  8 goblins
  7 kobolds
  A quokka skeleton (D:4)
  6 rats
80 creatures vanquished.

Notes
Turn   | Place    | Note
-------+----------+-------------------------------------------
     0 | D:1      | Delamore the Gargoyle Fighter began the quest for the Orb.
     0 | D:1      | Reached XP level 1. HP: 14/14 MP: 1/1
   107 | D:1      | Reached XP level 2. HP: 15/19 MP: 2/2
   699 | D:2      | Reached XP level 3. HP: 24/24 MP: 3/3
   912 | D:2      | Found a broken altar of Ashenzari.
  1054 | D:2      | Reached XP level 4. HP: 19/29 MP: 4/4
  1164 | D:2      | Found a faded altar of an unknown god.
  1891 | D:3      | Reached XP level 5. HP: 10/34 MP: 5/5
  2484 | D:3      | Noticed Jessica
  2494 | D:3      | Killed Jessica
  2789 | D:3      | Noticed a phantom
  2832 | D:3      | Killed a phantom
  2833 | D:3      | Reached skill level 5 in Fighting
  2833 | D:3      | Reached skill level 5 in Shields
  2833 | D:3      | Reached XP level 6. HP: 30/40 MP: 6/6
  2922 | D:3      | Noticed Terence
  2936 | D:3      | Killed Terence
  3149 | D:4      | Reached skill level 5 in Maces & Flails
  3149 | D:4      | Reached XP level 7. HP: 35/44 MP: 7/7
  3222 | D:3      | Slain by an ogre

Illustrated notes

Levels and vault maps discovered:
D:1:      minmay_arrival_radiant_lines, layout_loops_ring
D:2:      layout_basic, chequers_ecumenical_altar_simple,
          evilmike_ruin_ashenzari
D:3:      layout_rooms, fountainhead, hex_medium, kennysheep_generic_room_2,
          uniq_terence, uniq_jessica
D:4:      layout_cave_pools, minmay_temple_entry_overgrown,
          gammafunk_ghost_smash, serial_shops, shop, kennysheep_dice,
          uniq_crazy_yiuf_cottage

Skill      XL: |  1  2  3  4  5  6 |
---------------+-------------------+-----
Fighting       | 4 5 |  5.0
Shields        | 4 5 |  5.0
Maces & Flails | 3 5 |  5.2
Armour         | |  3.8

Action                   |  1- 3 |  4- 6 |  7- 9 || total
-------------------------+-------+-------+-------++-------
Melee: Flail             |    93 |   207 |    18 ||   318
Armor: Scale mail        |    72 |   182 |    13 ||   267
Dodge: Dodged            |    33 |    86 |    11 ||   130
Block: Kite shield       |    57 |   165 |    11 ||   233

Table legend: (Time is in decaauts)
 A = Elapsed time spent in this place.
 B = Non-inter-level travel time spent in this place.
 C = Inter-level travel time spent in this place.
 D = Time resting spent in this place.
 E = Time spent auto-exploring this place.
 F = Levels seen in this place.
 G = Mean time per level.
                   A        B        C        D        E       F      G
               +--------+--------+--------+--------+--------+-----+--------+
         Total |   3335 |   3279 |     56 |    218 |   2395 |   4 |  833.8 |
       Dungeon |   3335 |   3279 |     56 |    218 |   2395 |   4 |  833.8 |
               +--------+--------+--------+--------+--------+-----+--------+

Top non-repeatable levels by time:
     D:3: 1553 daAuts
     D:2: 998 daAuts
     D:1: 694 daAuts
     D:4: 89 daAuts
